 Dungeon Crawl Stone Soup version 0.28.0-53-g5a82cb258f (webtiles) character file.

Game seed: 6174594186763572494

247 Gabide the Ducker (level 6, -5/49 HPs)
             Began as a Human Monk on June 1, 2022.
             Killed by nerve-wracking pain
             ... invoked by Grinder
              (11 damage)
             ... while paralysed by Grinder
             ... on level 4 of the Dungeon.
             The game lasted 00:03:32 (3543 turns).

Gabide the Ducker (Human Monk)                      Turns: 3543, Time: 00:03:33

Health: -5/49      AC:  7    Str: 13    XL:     6   Next: 34%
Magic:  6/6        EV:  2    Int: 10    God:
Gold:   147        SH:  0    Dex: 16    Spells: 5/5 levels left

rFire   . . .      SeeInvis .   a - +0 spear
rCold   . . .      Faith    .   (no shield)
rNeg    . . .      Spirit   .   o - +0 scale mail
rPois   .          Reflect  .   (no helmet)
rElec   .          Harm     .   (no cloak)
rCorr   .          Rampage  .   i - +0 pair of gloves
Will    .....                   (no boots)
Stlth   +.........              (no amulet)
HPRegen 0.16/turn               (no ring)
MPRegen 0.10/turn               (no ring)

@: paralysed
A: no striking features
a: no special abilities


You were on level 4 of the Dungeon.
You visited 1 branch of the dungeon, and saw 4 of its levels.

You collected 147 gold pieces.

Inventory:

Hand Weapons
 a - a +0 spear (weapon)
Missiles
 e - 9 poisoned darts (quivered)
Armour
 b - a +0 robe
 i - a +0 pair of gloves (worn)
 n - a +0 leather armour
 o - a +0 scale mail (worn)
Jewellery
 m - a ring of fire
Wands
 j - a wand of paralysis (8)
Scrolls
 c - a scroll of noise {unknown}
 d - a scroll of immolation {unknown}
 h - a scroll of fear {unknown}
 k - 3 scrolls of blinking
Potions
 g - 2 potions of attraction
 l - 2 potions of curing


   Skills:
 + Level 4.5 Fighting
 + Level 4.4 Polearms
 + Level 4.5 Dodging
 - Level 2.0 Stealth


You had 5 spell levels left.
You didn't know any spells.
Your spell library contained the following spells:

 Spells                   Type           Power      Damage    Failure   Level
 Animate Skeleton         Necr           0%         N/A       88%         1
 Apportation              Tloc           0%         N/A       88%         1
 Beastly Appendage        Tmut           0%         N/A       88%         1
 Summon Small Mammal      Summ           0%         N/A       88%         1
 Wereblood                Tmut           0%         N/A       96%         2
 Spider Form              Tmut/Pois      0%         N/A       99%         3
 Ice Form                 Ice/Tmut       0%         N/A       100%        4
 Eringya's Noxious Bog    Tmut/Pois      0%         N/A       100%        6
 Dragon Form              Tmut           0%         N/A       100%        7


Dungeon Overview and Level Annotations

Branches:
Dungeon (4/15)
 Temple: D:4-7

Altars:

Annotations:
D:4 Grinder


Message History

Grinder is heavily wounded.
Grinder hits you.
You hit Grinder.
Grinder is severely wounded.
You closely miss Grinder.
Grinder is severely wounded.
Grinder hits you but does no damage.
You completely miss Grinder. Your punch misses Grinder.
Grinder is severely wounded.
Grinder blinks!
You reach to attack!
You hit the endoplasm but do no damage. You hit the endoplasm but do no damage.
The endoplasm freezes you.
You are frozen.
You hit the endoplasm.
The endoplasm is severely wounded.
The endoplasm hits you but does no damage.
You hit the endoplasm.
You kill the endoplasm!
You reach to attack!
You hit Grinder.
Grinder is severely wounded.
You completely miss Grinder.
Grinder is severely wounded.
Grinder closely misses you.
You closely miss Grinder.
Grinder is severely wounded.
Grinder gestures at you.
You suddenly lose the ability to move!
Grinder hits you!
You writhe in agony.
* * * LOW HITPOINT WARNING * * *
Grinder hits you.
* * * LOW HITPOINT WARNING * * *
You writhe in agony.
* * * LOW HITPOINT WARNING * * *
Grinder gestures at you.
You shrug off the repeated paralysis!
Grinder hits you but does no damage. Grinder gestures at you.
Pain shoots through your body!
You die...

#.... .>..
.... #..
#.. #####.#
...#5#
#.#@# #.()#
##..# #..#
##(## #..#
#..#
.#####.†##
..........#


You could see Grinder.

Vanquished Creatures
  A water moccasin (D:3)
  An orc priest (D:4)
  An orc wizard (D:4)
  2 adders
  A worm (D:4)
  2 orcs
  3 ball pythons
  5 bats
  2 endoplasms
  4 giant cockroaches
  7 goblins
  8 hobgoblins
  9 kobolds
  6 quokkas
  2 frilled lizards
  6 rats
60 creatures vanquished.

Notes
Turn   | Place    | Note
-------+----------+-------------------------------------------
     0 | D:1      | Gabide the Human Monk began the quest for the Orb.
     0 | D:1      | Reached XP level 1. HP: 18/18 MP: 1/1
   370 | D:1      | Got the Volume of Moulding
   397 | D:1      | Reached XP level 2. HP: 23/24 MP: 2/2
  1027 | D:1      | Found a faded altar of an unknown god.
  1184 | D:1      | Reached XP level 3. HP: 29/29 MP: 3/3
  2056 | D:2      | Reached XP level 4. HP: 25/36 MP: 4/4
  3188 | D:3      | Noticed a water moccasin
  3199 | D:3      | Killed a water moccasin
  3200 | D:3      | Reached XP level 5. HP: 42/42 MP: 5/5
  3455 | D:4      | Reached XP level 6. HP: 45/49 MP: 6/6
  3517 | D:4      | Noticed Grinder
  3538 | D:4      | Paralysed by Grinder for 6 turns
  3543 | D:4      | Killed from afar by Grinder

Illustrated notes

Levels and vault maps discovered:
D:1:      zelgadis_glass_arrival_small, layout_loops_cross,
          chequers_ecumenical_altar_twisty, hangedman_glass_teeth
D:2:      layout_loops_ring
D:3:      layout_loops_cross
D:4:      layout_basic, temple_hall, uniq_grinder, uniq_menkaure

Skill      XL: |  1  2  3  4 |
---------------+-------------+-----
Fighting       | 4 |  4.5
Polearms       | 4 |  4.4
Dodging        | 4 |  4.5
Stealth        | |  2.0

Action                   |  1- 3 |  4- 6 || total
-------------------------+-------+-------++-------
Melee: Spear             |   169 |   115 ||   284
       Punch             |     1 |     1 ||     2
Throw: Dart              |     3 |     8 ||    11
Evoke: Wand              |       |     2 ||     2
  Use: Scroll            |       |     3 ||     3
 Stab: Sleeping          |     6 |     3 ||     9
       Paralysed         |       |    12 ||    12
Armor: Robe              |    18 |     6 ||    24
       Leather armour    |       |     3 ||     3
       Scale mail        |       |    16 ||    16
Dodge: Dodged            |    89 |    30 ||   119
